 Dungeon Crawl Stone Soup version 0.29.1-1-gd02db6906a (webtiles) character file.

Game seed: 9665513381170516569

65 Ashen the Firebug (level 3, 0/25 HPs)
             Began as a Demonspawn Fire Elementalist on Oct 5, 2022.
             Slain by an orc wizard
             ... wielding a +0 dagger of protection
              (1 damage)
             ... on level 2 of the Dungeon.
             The game lasted 00:03:58 (2215 turns).

Ashen the Firebug (Demonspawn Fire Elementalist)    Turns: 2215, Time: 00:03:58

Health: 0/25       AC:  2    Str:  8    XL:     3   Next: 94%
Magic:  0/6        EV: 12    Int: 18    God:
Gold:   92         SH:  0    Dex: 13    Spells: 4/7 levels left

rFire   . . .      SeeInvis .   i - +0 short sword (speed)
rCold   . . .      Faith    .   (no shield)
rNeg    . . .      Spirit   .   a - +0 robe
rPois   .          Reflect  .   (no helmet)
rElec   .          Harm     .   (no cloak)
rCorr   .          Rampage  .   (no gloves)
Will    .....                   (no boots)
Stlth   ++........              (no amulet)
HPRegen 0.08/turn               (no ring)
MPRegen 0.10/turn               (no ring)

@: very slightly contaminated
A: weakness stinger 1
a: no special abilities


You were on level 2 of the Dungeon.
You visited 1 branch of the dungeon, and saw 3 of its levels.

You collected 92 gold pieces.

Inventory:

Hand Weapons
 i - a +0 short sword of speed (weapon)
Armour
 a - a +0 robe (worn)
Jewellery
 f - a ring of ice
Wands
 o - a wand of iceblast (6)
Scrolls
 d - a scroll of butterflies {unknown}
 l - a scroll of poison {unknown}
 n - 2 scrolls of identify {unknown}
 p - a scroll of torment {unknown}
Potions
 b - a potion of magic
 c - a potion of invisibility {unknown}
 e - a potion of heal wounds {unknown}
 g - a potion of haste {unknown}
 h - a potion of berserk rage {unknown}
 j - a potion of curing {unknown}
 k - a potion of mutation {unknown}
 m - a potion of flight {unknown}
 q - a potion of brilliance {unknown}


   Skills:
 + Level 0.3 Fighting
 + Level 2.3 Dodging
 + Level 2.3 Stealth
 + Level 2.5 Spellcasting
 + Level 1.8 Conjurations
 + Level 3.0 Fire Magic


You had 4 spell levels left.
You knew the following spells:

 Your Spells              Type           Power      Damage    Failure   Level
a - Foxfire               Conj/Fire      44%        2x1d6     6%          1
b - Scorch                Fire           26%        2d6       8%          2

Your spell library contained the following spells:

 Spells                   Type           Power      Damage    Failure   Level
 Conjure Flame            Conj/Fire      11%        6-21      19%         3
 Inner Flame              Hex/Fire       7%         N/A       28%         3
 Flame Wave               Conj/Fire      11%        2d6       52%         4


Dungeon Overview and Level Annotations

Branches:
Dungeon (3/15)

Altars:


Innate Abilities, Weirdness & Mutations

You have a small tail.


Message History

There is a stone staircase leading down here.
Deactivating autopickup; reactivate with Ctrl-A.
You closely miss something. Magic courses through your body.
The hobgoblin misses you. Something hits you.
The orc hits you but does no damage.
Hit: i) +0 short sword (speed)
Press: ? - help, Dir - move target, f - hobgoblin
Aim: a hobgoblin (moderately wounded, about 41% to evade your +0 short sword of speed)
Okay, then.
Casting: Foxfire (safe; 6% risk of failure)
Confirm with . or Enter, or press ? or * to list all spells.
Flames lash the orc.
You kill the orc!
The hobgoblin hits you.
* * * LOW HITPOINT WARNING * * *
Something hits you.
* * * LOW HITPOINT WARNING * * *
Your magical contamination has completely faded away.
Casting: Scorch (safe; 8% risk of failure)
Confirm with . or Enter, or press ? or * to list all spells.
You miscast Scorch.
You are very lightly contaminated with residual magic.
Nothing appears to happen.
The hobgoblin closely misses you. Something hits you.
* * * LOW HITPOINT WARNING * * *
Casting: Scorch (safe; 8% risk of failure)
Confirm with . or Enter, or press ? or * to list all spells.
Flames lash something but do no damage.
The hobgoblin closely misses you. Something hits you but does no damage.
Casting: Scorch (safe; 8% risk of failure)
Confirm with . or Enter, or press ? or * to list all spells.
You conjure some foxfire!
The hobgoblin misses you. Something hits you.
* * * LOW HITPOINT WARNING * * *
You closely miss something.
The foxfire hits the hobgoblin.
You kill the hobgoblin!
Something hits you.
* * * LOW HITPOINT WARNING * * *
Unknown command.
Something hits you.
You die...

#####[........# #.#
#.# # ###....#..#
#.#####.### #####.#.#
#.......... #.#.#
#######.### #.#.# #.#
# #.#.# ##.### #.#.#
#######...##
#.#>######...........
#.#)@......#####...##
#.########## ##.###
#.# ##...##
#.#############.....#
#....................
###############.....#
##...## ##.... #####


There were no monsters in sight!

Vanquished Creatures
  An adder (D:2)
  A dart slug (D:2)
  3 orcs
  7 bats
  2 endoplasms
  4 giant cockroaches
  3 goblins (D:2)
  5 hobgoblins
  4 jackals (D:2)
  2 quokkas (D:1)
  5 ball pythons
  2 frilled lizards (D:2)
  4 kobolds
  5 rats
48 creatures vanquished.

Vanquished Creatures (others)
  84 foxfires
84 creatures vanquished.

Grand Total: 132 creatures vanquished

Notes
Turn   | Place    | Note
-------+----------+-------------------------------------------
     0 | D:1      | Ashen the Demonspawn Fire Elementalist began the quest for
                  | the Orb.
     0 | D:1      | Reached XP level 1. HP: 13/13 MP: 3/3
   375 | D:1      | Found a faded altar of an unknown god.
   415 | D:1      | Gained mutation: You have a small tail. [demonic ancestry]
   415 | D:1      | Reached XP level 2. HP: 19/19 MP: 0/5
   418 | D:1      | Learned a level 2 spell: Scorch
  1076 | D:2      | Reached XP level 3. HP: 18/24 MP: 3/6
  1294 | D:2      | Reached skill level 3 in Fire Magic
  2213 | D:2      | HP: 1/25 [something (3)]
  2215 | D:2      | Slain by an orc wizard

Illustrated notes

Levels and vault maps discovered:
D:1:      amcnicky_arrival_gap_in_the_tavern_cellar, layout_basic,
          shapermc_ecumenical_altar_pompeii
D:2:      minmay_wonky_spiral, layout_loops_ring
D:3:      layout_basic, grunt_temple_overflow_lords_of_destruction,
          biasface_ghost_orc_armoury, serial_shops, shop, shop,
          nicolae_shop_behind_doors, skrybe_limestone_x

Skill      XL: |  1  2  3 |
---------------+----------+-----
Stealth        | 2 |  2.3
Dodging        | 2 |  2.3
Fire Magic     | 3 |  3.0
Fighting       | |  0.3
Spellcasting   | |  2.5
Conjurations   | |  1.8

Action                   || total
-------------------------++-------
Melee: Unarmed           ||     7
       Short sword       ||    51
       Tailslap          ||     7
 Cast: Foxfire           ||    57
       Scorch            ||     2
  Use: Potion            ||     1
 Stab: Sleeping          ||     4
Armor: Robe              ||    24
Dodge: Dodged            ||    56
